Map: Overgrown Facility

Players

LOADBLASTER - Winner!

  • Race: Terran Terran
  • League: Grandmaster
  • Spawn Location: 3:00

PureLegacy - Winner!

  • Race: Terran Terran
  • Spawn Location: 1:00

llllllllllll

  • Race: Terran Terran
  • League: Master
  • Spawn Location: 7:00

PandAscHibA

  • Race: Zerg Zerg
  • League: Master
  • Spawn Location: 9:00

VOD

Have the link to the VOD?

Description

Time

  • Played on: Nov. 30, 2018, 2:57 p.m.
  • Length: 10:32
Show
View Real Time Build Order
Export as new Build Order

LOADBLASTER Terran - Winner!

Build Orders: Liberator Opening, Mech 

Get SALT Encoding   

  12  0:00  SCV  
  13  0:13  SCV  
  14  0:19  Supply Depot  
  14  0:25  SCV  
  15  0:41  SCV  
  15  0:42  Barracks  
  16  0:45  Refinery  
  16  0:53  SCV  
  17  1:05  SCV  
  18  1:17  SCV  
  19  1:30  Marine, Orbital Command  
  20  1:44  Command Center  
  20  1:55  Factory  
  20  2:01  SCV  
  21  2:04  Barracks Reactor  
  21  2:10  Supply Depot  
  21  2:15  SCV  
  21  2:21  Refinery  
  22  2:28  SCV  
  23  2:40  SCV  
  23  2:42  Starport  
  24  2:46  Hellion x2  
  28  2:52  SCV  
  28  2:57  Barracks Reactor  
  29  2:59  Orbital Command  
  29  3:04  SCV  
  30  3:08  Hellion  
  32  3:14  Hellion  
  32  3:18  SCV  
  35  3:24  Liberator  
  35  3:27  SCV  
  36  3:30  Liberator, Hellion, SCV  
  39  3:34  Supply Depot  
  39  3:39  SCV  
  46  3:55  Supply Depot  
  46  3:56  SCV x2  
  46  4:01  Hellion  
  50  4:04  Hellion  
  50  4:08  SCV x2  
  54  4:15  Supply Depot  
  54  4:20  SCV x2  
  56  4:24  Viking  
  56  4:30  Viking  
  60  4:32  SCV x2  
  62  4:43  Command Center  
  62  4:44  Barracks Tech Lab  
  62  4:47  SCV x2  
  62  4:52  Hellion  
  66  4:57  Refinery x2  
  66  4:59  SCV  
  65  5:01  SCV  
  66  5:08  Barracks Tech Lab  
  66  5:13  SCV  
  63  5:14  Factory x2  
  63  5:15  Hellion  
  63  5:18  SCV  
  68  5:21  Hellion  
  68  5:25  SCV  
  69  5:28  Armory  
  69  5:30  SCV  
  67  5:36  Hellion  
  67  5:37  SCV  
  67  5:42  SCV  
  68  5:49  SCV  
  69  5:54  SCV  
  68  5:57  Orbital Command  
  68  6:01  SCV  
  69  6:06  SCV  
  70  6:13  SCV  
  70  6:15  Refinery  
  70  6:16  Refinery, Thor x2  
  70  6:17  Medivac  
  85  6:24  Supply Depot x2  
  85  6:29  Terran Vehicle Weapons Level 1  
  85  6:45  Medivac  
  85  6:46  Hellion x2, SCV x3  
  94  6:50  Factory x2  
  94  6:58  SCV x3  
  94  6:59  Hellion, Siege Tank  
  88  7:08  Supply Depot  
  88  7:10  SCV x3  
  91  7:17  Supply Depot  
  91  7:21  Siege Tank  
  91  7:22  Viking, SCV x3  
  99  7:25  Supply Depot  
  99  7:31  Infernal Pre-Igniter  
  99  7:34  Factory Reactor, Factory Tech Lab, SCV x3  
  102  7:44  Siege Tank  
  102  7:49  Supply Depot x2, Viking  
  111  7:53  Hellion  
  111  7:54  Siege Tank  
  112  8:03  Command Center  
  112  8:09  Viking  
  112  8:12  Hellion  
  116  8:14  Siege Tank  
  116  8:16  Supply Depot, Siege Tank  
  116  8:19  Viking  
  124  8:26  Siege Tank  
  127  8:34  Hellion  
  129  8:35  Hellion  
  129  8:39  Viking  
  133  8:42  Hellion  
  133  8:46  Siege Tank  
  138  8:48  Siege Tank  
  138  8:49  Viking  
  138  8:54  SCV x2  
  138  8:55  Armory, SCV  
  146  8:58  Hellion, Siege Tank  
  151  9:06  Hellion  
  153  9:12  Hellion  
  155  9:17  Orbital Command  
  155  9:18  Siege Tank  
  155  9:21  Hellion, Siege Tank  
  161  9:30  Siege Tank  
  150  9:34  Refinery  
  150  9:35  Refinery, SCV  
  150  9:36  Command Center  
  151  9:44  SCV  
  151  9:45  Viking  
  154  9:46  SCV  
  154  9:49  SCV x2  
  154  9:50  Starport, Siege Tank  
  157  9:53  Viking  
  157  9:56  SCV  
  158  10:02  SCV  
  149  10:08  SCV x3  
  159  10:30  Starport Reactor  
Show
View Real Time Build Order
Export as new Build Order

PureLegacy Terran - Winner!

Build Orders: Reaper Expand 

Get SALT Encoding   

  12  0:01  SCV  
  13  0:13  SCV  
  14  0:18  Supply Depot  
  14  0:25  SCV  
  15  0:39  SCV  
  15  0:40  Barracks  
  16  0:44  Refinery  
  16  0:51  SCV  
  17  1:04  SCV  
  18  1:16  SCV  
  19  1:28  Reaper  
  19  1:29  Orbital Command  
  20  1:49  Command Center  
  20  1:55  SCV  
  20  1:58  Supply Depot  
  21  2:01  Barracks Reactor  
  21  2:08  SCV  
  22  2:16  Barracks  
  22  2:20  Barracks  
  22  2:23  SCV  
  23  2:30  Supply Depot  
  22  2:38  Marine x2, SCV  
  25  2:50  SCV  
  26  2:56  Refinery, Marine x2  
  28  3:02  SCV  
  28  3:04  Barracks Tech Lab  
  28  3:05  Orbital Command  
  29  3:08  Marine  
  30  3:13  Bunker  
  30  3:15  SCV  
  30  3:19  Marine x2  
  33  3:25  Stimpack  
  33  3:27  Marine  
  33  3:28  Marine  
  33  3:31  SCV  
  33  3:33  SCV  
  37  3:44  Factory, SCV  
  37  3:48  SCV  
  39  3:55  Marine x4  
  40  3:57  SCV  
  40  4:00  SCV  
  45  4:09  SCV  
  46  4:12  SCV  
  46  4:14  Command Center  
  47  4:19  Supply Depot  
  47  4:20  Barracks Reactor  
  47  4:22  SCV  
  48  4:27  Marine x3  
  48  4:28  SCV  
  52  4:33  Starport  
  52  4:36  Factory Reactor  
  52  4:40  SCV  
  52  4:41  SCV  
  52  4:45  Supply Depot  
  54  4:50  Engineering Bay  
  54  4:51  Engineering Bay  
  55  4:52  SCV  
  55  4:54  SCV  
  55  4:57  Marine x4  
  55  4:59  Marine  
  61  5:04  SCV  
  61  5:06  Refinery x2  
  62  5:15  SCV  
  62  5:17  SCV  
  62  5:18  Supply Depot  
  64  5:21  Terran Infantry Armor Level 1, Terran Infantry Weapons Level 1  
  64  5:27  SCV, Orbital Command  
  64  5:28  Factory Tech Lab  
  65  5:32  Medivac  
  65  5:33  Medivac  
  69  5:38  SCV  
  69  5:39  SCV  
  69  5:42  Combat Shield  
  71  5:51  Supply Depot  
  71  5:52  Siege Tank  
  71  5:56  SCV x2, Orbital Command  
  76  5:58  Marine x4  
  76  6:03  Marine  
  81  6:09  SCV  
  81  6:10  SCV  
  83  6:11  Supply Depot  
  83  6:15  Medivac x2  
  87  6:21  SCV  
  88  6:28  Barracks  
  88  6:29  Barracks  
  88  6:34  Marine  
  82  6:40  Marine  
  82  6:41  Marine  
  82  6:46  Siege Tank  
  80  6:47  Marine x2  
  80  6:48  SCV x3  
  80  6:51  Armory  
  80  6:52  Factory, Marine, Supply Depot  
  86  6:56  Refinery  
  86  6:57  Refinery  
  86  6:58  Marine x2  
  86  7:00  SCV x2  
  88  7:04  Marine  
  88  7:05  Marine, SCV  
  88  7:06  Sensor Tower  
  91  7:09  Marine  
  91  7:15  SCV x2  
  94  7:16  Marine x2  
  94  7:17  Missile Turret x2  
  94  7:19  Missile Turret, Supply Depot  
  94  7:22  Marine, Barracks Reactor x2  
  96  7:23  Marine  
  96  7:25  SCV  
  96  7:27  Marine, SCV  
  101  7:37  Siege Tank  
  101  7:38  Factory Tech Lab  
  101  7:39  Terran Infantry Weapons Level 2  
  101  7:41  Terran Infantry Armor Level 2  
  104  7:44  Supply Depot, SCV x2  
  104  7:45  Supply Depot  
  104  7:47  SCV  
  104  7:50  Marine x4  
  111  7:56  SCV  
  111  7:57  Marine  
  113  7:58  Siege Tank  
  113  7:59  SCV  
  113  8:00  SCV  
  105  8:20  Marine x4  
  105  8:24  Marine  
  105  8:25  Marine x4  
  108  8:34  Siege Tank x2  
  108  8:38  Barracks  
  108  8:39  Barracks, Supply Depot  
  105  8:42  Marine  
  105  8:44  SCV x2  
  105  8:45  Marine x2  
  105  8:46  Marine x3  
  113  8:49  Medivac x2  
  113  8:51  Marine x3, Concussive Shells  
  113  8:55  SCV  
  117  8:57  SCV  
  117  9:00  Marine, Command Center  
  119  9:03  Marine  
  119  9:05  Marine x4  
  119  9:06  Siege Tank x2  
  119  9:09  Marine, SCV x2, Marauder  
  135  9:20  Marine x2  
  135  9:21  Marine  
  138  9:25  Medivac x2  
  138  9:27  Marine x2  
  144  9:38  Marauder, Siege Tank, Barracks Tech Lab x2  
  149  9:45  Supply Depot x3  
  149  9:49  Sensor Tower  
  149  10:06  Marine x11  
Show
View Real Time Build Order
Export as new Build Order

llllllllllll Terran 

Build Orders: Cyclone Opening, Gas First Reaper Expand 

Get SALT Encoding   

  12  0:01  SCV  
  13  0:13  SCV  
  14  0:18  Supply Depot  
  14  0:25  SCV  
  15  0:29  Refinery  
  15  0:40  SCV  
  16  0:46  Barracks  
  16  0:52  SCV  
  17  1:04  SCV  
  18  1:16  SCV  
  19  1:34  Reaper, Orbital Command  
  20  1:47  Command Center  
  20  1:56  Factory  
  20  1:59  SCV  
  21  2:10  Barracks Tech Lab  
  21  2:12  Supply Depot  
  21  2:15  SCV  
  22  2:22  Refinery  
  22  2:27  SCV  
  23  2:45  SCV  
  24  2:54  Cyclone  
  24  2:58  SCV  
  28  3:00  Orbital Command  
  28  3:02  Mag-Field Accelerator  
  28  3:10  SCV  
  29  3:19  Command Center  
  29  3:26  Cyclone  
  29  3:27  SCV  
  33  3:29  SCV  
  34  3:39  SCV  
  35  3:41  SCV  
  36  3:51  Supply Depot, SCV  
  36  3:53  SCV  
  38  3:58  Cyclone, Factory  
  38  4:00  Barracks Tech Lab  
  41  4:03  SCV  
  41  4:04  Refinery  
  41  4:06  SCV  
  41  4:07  Supply Depot  
  43  4:15  SCV  
  44  4:18  SCV  
  45  4:27  SCV  
  45  4:30  Cyclone, SCV  
  50  4:32  Engineering Bay, Orbital Command  
  50  4:39  SCV  
  50  4:42  SCV  
  50  4:45  Refinery  
  52  4:51  SCV  
  53  4:53  Cyclone, Orbital Command  
  53  4:54  SCV  
  57  5:02  Barracks Reactor  
  57  5:03  SCV  
  57  5:04  Starport  
  57  5:06  Cyclone, SCV  
  61  5:15  SCV  
  61  5:18  SCV  
  62  5:28  SCV  
  58  5:38  SCV  
  58  5:40  SCV  
  58  5:41  Cyclone  
  61  5:50  SCV  
  61  5:52  SCV  
  66  5:57  Cyclone  
  66  6:02  SCV  
  68  6:04  SCV  
  68  6:11  SCV  
  69  6:13  Sensor Tower  
  69  6:14  SCV  
  69  6:16  SCV  
  71  6:22  Cyclone  
  71  6:23  SCV  
  75  6:26  SCV  
  75  6:28  SCV  
  77  6:36  SCV  
  77  6:38  SCV  
  70  6:41  Cyclone  
  70  6:42  SCV  
  69  6:48  SCV  
  69  6:50  SCV  
  69  6:54  Cyclone, SCV  
  69  7:00  SCV  
  71  7:02  Viking  
  71  7:03  SCV  
  71  7:06  SCV  
  75  7:12  SCV  
  75  7:15  SCV  
  77  7:21  Armory  
  77  7:23  Armory, Supply Depot  
  77  7:32  Refinery, Cyclone x2, SCV x2  
  77  7:33  Refinery  
  77  7:35  Command Center  
  85  7:45  Viking x2, SCV x2  
  85  7:47  SCV  
  92  7:57  SCV  
  93  8:08  Supply Depot  
  93  8:09  Supply Depot, SCV  
  93  8:10  Supply Depot, SCV  
  93  8:11  SCV  
  93  8:15  Viking  
  93  8:17  Cyclone  
  68  8:37  Siege Tank  
  68  8:40  SCV  
  68  8:41  SCV  
  68  8:46  SCV  
  70  8:51  Factory x2  
  70  8:52  SCV  
  70  8:53  Missile Turret  
  70  8:54  Missile Turret x2  
  71  8:56  Siege Tank  
  71  8:58  SCV  
  71  9:00  SCV  
  76  9:04  SCV  
  76  9:05  Refinery  
  76  9:06  Refinery  
  76  9:07  Viking  
  79  9:10  SCV  
  79  9:12  SCV  
  79  9:15  Missile Turret  
  79  9:16  SCV  
  82  9:22  Cyclone, SCV  
  74  9:32  SCV  
  74  9:37  Siege Tank  
  76  9:40  Hellion x2  
Show
View Real Time Build Order
Export as new Build Order

PandAscHibA Zerg 

Build Orders: Hatch First 

Get SALT Encoding   

  12  0:00  Drone  
  13  0:12  Overlord  
  13  0:19  Drone  
  14  0:31  Drone x2  
  14  0:35  Drone  
  17  0:56  Hatchery  
  16  0:58  Drone  
  16  1:02  Drone  
  18  1:11  Extractor  
  18  1:15  Spawning Pool  
  18  1:17  Drone  
  17  1:22  Drone  
  18  1:28  Drone  
  19  1:41  Overlord  
  19  1:52  Drone  
  20  2:02  Queen  
  20  2:03  Zergling x2  
  23  2:10  Zergling x2  
  23  2:11  Queen  
  23  2:15  Metabolic Boost  
  26  2:25  Drone x2  
  28  2:41  Hatchery  
  28  2:43  Drone x3  
  30  2:51  Queen  
  32  2:57  Drone x3  
  35  3:15  Overlord  
  35  3:19  Queen, Extractor  
  37  3:33  Queen  
  39  3:36  Drone x3  
  42  3:43  Overlord  
  42  3:49  Drone x2  
  42  3:52  Overlord  
  42  3:54  Queen  
  46  3:58  Drone x4  
  46  4:01  Queen  
  52  4:04  Spore Crawler  
  52  4:07  Drone x2  
  53  4:11  Spore Crawler  
  52  4:24  Spore Crawler, Overlord x3  
  51  4:25  Drone x2  
  51  4:28  Lair  
  51  4:30  Drone  
  54  4:32  Drone  
  55  4:42  Overlord x2  
  55  4:43  Baneling Nest  
  54  4:52  Overlord  
  54  4:53  Overlord  
  54  4:55  Zergling x10  
  59  5:04  Zergling x10  
  59  5:05  Zergling x2  
  65  5:22  Overlord x3  
  65  5:29  Baneling x4  
  65  5:30  Baneling  
  65  5:34  Drone x5  
  65  5:35  Drone x6  
  76  5:48  Drone x3  
  76  5:49  Drone  
  80  5:53  Overlord  
  80  6:00  Extractor  
  80  6:01  Extractor  
  78  6:05  Baneling x3  
  78  6:07  Zergling x2  
  78  6:08  Zergling x14  
  86  6:12  Hatchery  
  85  6:19  Overlord  
  85  6:20  Overlord x2  
  85  6:23  Extractor  
  83  6:44  Drone x3  
  83  6:45  Drone x9  
  95  6:54  Centrifical Hooks  
  95  6:57  Drone x4  
  95  6:58  Evolution Chamber x2  
  96  7:04  Overlord  
  96  7:06  Overlord  
  96  7:07  Drone  
  96  7:08  Drone x4  
  101  7:25  Zerg Ground Armor Level 1  
  101  7:27  Zerg Melee Weapons Level 1, Infestation Pit  
  101  7:28  Drone x3  
  101  7:29  Drone x2  
  105  7:30  Extractor  
  105  7:31  Drone x2  
  105  7:32  Drone  
  105  7:33  Extractor  
  105  7:34  Overlord x2  
  106  7:48  Queen  
  108  7:53  Drone x2  
  108  7:55  Zergling x6  
  108  7:56  Zergling x10  
  118  8:02  Drone x2  
  118  8:03  Drone x6  
  126  8:07  Hatchery  
  117  8:20  Hive  
  117  8:28  Zergling x20  
  117  8:29  Zergling x2  
  117  8:30  Hatchery  
  117  8:31  Hatchery  
  122  8:57  Overlord  
  122  9:01  Zergling x2  
  123  9:03  Zergling x2  
  123  9:04  Zergling x20  
  123  9:05  Zergling x10  
  137  9:12  Baneling x5  
  137  9:13  Baneling x5  
  137  9:16  Zergling x2  
  137  9:17  Zergling x6  
  137  9:18  Baneling  
  136  9:24  Zergling x2  
  136  9:25  Zergling x6  
  134  9:32  Baneling x6  
  134  9:33  Baneling x3  
  134  9:43  Ultralisk Cavern  
  134  9:44  Zergling x2  
  134  9:45  Zergling x22  
  144  9:50  Baneling  
  144  9:51  Baneling x10  
Tags
 
Add a new tag
Caveats
  • Supply blocks, unpowered buildings, or Contaminate may cause inaccurate times.
  • Supply counts are checked every 10 seconds.